 Dungeon Crawl Stone Soup version 0.27.1-1-g398f81649c (webtiles) character file.

Game seed: 13698534050580676588

31279 pkoi the Brawler (level 13, -5/131 HPs)
             Began as a Troll Monk on Sept 20, 2021.
             Was an Elder of Makhleb.
             Slain by an 11-headed hydra (9 damage)
             ... on level 4 of the Lair of Beasts.
             The game lasted 00:17:50 (12498 turns).

pkoi the Brawler (Troll Monk)                      Turns: 12498, Time: 00:17:50

Health: -5/131     AC:  7    Str: 26    XL:     13   Next: 25%
Magic:  18/18      EV: 12    Int:  6    God:    Makhleb [****..]
Gold:   1292       SH:  5    Dex: 12    Spells: 12/12 levels left

rFire    + . .     SeeInvis +     - Unarmed
rCold    + + .     Faith    .   (no shield)
rNeg     . . .     Spirit   .   a - +0 troll leather armour
rPois    .         Reflect  +   s - +1 hat
rElec    .         Harm     .   H - scarf {rC+ rF+}
rCorr    .         Rampage  .   (gloves unavailable)
Will     .....                  (boots unavailable)
Stlth    +.........             l - amulet of reflection
HPRegen  2.31/turn              F - ring of see invisible
MPRegen  0.16/turn              D - ring of protection from cold

@: about to teleport, slowed, studying Fighting, very slow
A: large, unfitting armour, claws 3, regeneration 1, shaggy fur 1, tough skin 1
a: Renounce Religion, Minor Destruction, Lesser Servant of Makhleb, Major
Destruction


You were on level 4 of the Lair of Beasts.
You worshipped Makhleb.
Makhleb was greatly pleased with you.
You visited 3 branches of the dungeon, and saw 14 of its levels.
You visited the Abyss 1 time.

You collected 1457 gold pieces.
You spent 165 gold pieces at shops.

Inventory:

Missiles
 m - 81 poisoned darts (quivered)
 o - 11 large rocks
 q - 7 curare-tipped darts
Armour
 a - a +0 troll leather armour (worn)
 s - a +1 hat (worn)
 x - a +2 robe of fire resistance
 H - a scarf of resistance (worn)
Jewellery
 k - a ring of flight
 l - an amulet of reflection (around neck)
 C - an amulet of faith
 D - a ring of protection from cold (right claw)
 F - a ring of see invisible (left claw)
 G - a ring of fire
Wands
 e - a wand of charming (8)
 r - a wand of polymorph (11)
 y - a wand of iceblast (8)
 z - a wand of acid (16)
 A - a wand of flame (54)
 K - a wand of mindburst (15)
Scrolls
 b - 6 scrolls of teleportation
 d - 10 scrolls of identify
 f - 5 scrolls of amnesia
 v - a scroll of fear
 w - 2 scrolls of enchant armour
 I - 2 scrolls of fog
Potions
 c - a potion of resistance
 g - a potion of magic
 h - a potion of ambrosia
 i - 2 potions of brilliance
 j - a potion of flight
 n - a potion of cancellation
 p - 2 potions of berserk rage
 t - 5 potions of heal wounds
 u - a potion of invisibility
 B - a potion of lignification
 E - a potion of haste
 J - 2 potions of attraction
 L - a potion of curing


   Skills:
 + Level 9.0 Fighting
 + Level 8.4 Dodging
 - Level 1.0 Stealth
 + Level 16.0 Unarmed Combat
 + Level 8.6 Invocations


You had 12 spell levels left.
You didn't know any spells.
Your spell library contained the following spells:

 Spells                   Type           Power      Damage    Failure   Level
 Conjure Flame            Conj/Fire      0%         6-21      86%         3
 Ignite Poison            Fire/Tmut/Pois 0%         N/A       86%         3
 Ozocubu's Armour         Ice            0%         N/A       86%         3
 Cause Fear               Hex            0%         N/A       99%         4
 Sticky Flame             Conj/Fire      0%         2d3       99%         4
 Metabolic Englaciation   Hex/Ice        0%         N/A       100%        5
 Simulacrum               Ice/Necr       0%         N/A       100%        6
 Dragon Form              Tmut           0%         N/A       100%        7
 Dragon's Call            Summ           0%         N/A       100%        9


Dungeon Overview and Level Annotations

Branches:
Dungeon (9/15)             Temple (1/1) D:6            Lair (4/6) D:9
 Shoals (0/4) Lair:4        Snake (0/4) Lair:2          Orc (0/2) D:9

Altars:
Ashenzari
Cheibriados
Dithmenos
Elyvilon
Fedhas
Gozag
Hepliaklqana
Kikubaaqudgha
Makhleb
Nemelex Xobeh
Okawaru
Qazlal
Ru
Trog
Uskayaw
Vehumet
Wu Jian
Xom
Yredelemnul
Zin

Shops:
D:3 *   D:5 =

Annotations:
D:7 2 transporters, jimbles's ghost, novice SpDe


Innate Abilities, Weirdness & Mutations

You are too large for most types of armour.
You have claws for hands.
Your natural rate of healing is unusually fast.
You are covered in fur. (AC +1)
You have tough skin. (AC +1)


Message History

The ten-headed hydra bites your neqoxec!
The ten-headed hydra closely misses your neqoxec.
The ten-headed hydra bites your neqoxec! x2
Your neqoxec dies!
The ten-headed hydra bites your orange demon! x2
Unknown command.
The ten-headed hydra roars!
You claw one of the ten-headed hydra's heads off!
The nine-headed hydra grows two more!
You claw the 11-headed hydra!
The 11-headed hydra is severely wounded.
Your orange demon stings the torpor snail but does no damage.
The 11-headed hydra completely misses you.
The 11-headed hydra bites you.
* * * LOW HITPOINT WARNING * * *
The 11-headed hydra closely misses you. The 11-headed hydra misses you.
The 11-headed hydra bites you!
* * * LOW HITPOINT WARNING * * *
The 11-headed hydra bites you.
* * * LOW HITPOINT WARNING * * *
The 11-headed hydra bites you.
* * * LOW HITPOINT WARNING * * *
The 11-headed hydra bites you!
* * * LOW HITPOINT WARNING * * *
The 11-headed hydra bites you.
* * * LOW HITPOINT WARNING * * *
The 11-headed hydra misses you. You block the 11-headed hydra's attack.
The torpor snail bites you.
* * * LOW HITPOINT WARNING * * *
Unknown command.
As you read the scroll of teleportation, it crumbles to dust.
You feel strangely unstable. You block the 11-headed hydra's attack.
The 11-headed hydra bites you.
* * * LOW HITPOINT WARNING * * *
The 11-headed hydra barely misses you. The 11-headed hydra bites you.
* * * LOW HITPOINT WARNING * * *
The 11-headed hydra bites you!
* * * LOW HITPOINT WARNING * * *
The 11-headed hydra bites you but does no damage.
The 11-headed hydra bites you!
You die...

.###..##......##.. .# ##...#.+.+#
.##P..'.......# ..#.# ##...##.)..
..#...###.....###..}# #.÷.##.....
.###..+........#.... ###..##.....
.#.....#......###?$# #....#......
...###.#......####'# ##....#.#...
.#.# ##.#......#..## ###...P.P+.#
.#####.##.....#Dw#####.#.........
..............4.@................


PP............................... .................................
................................. ..#†#.###.#..).............###.## ....###
####....#....P.....##### ..########.........##......P# ###
..###...............##.....## #.. ..##.....##....##....#.....## #.. You could
see a 11-headed hydra (misshapen), a torpor snail (very poisoned, ally target)
and a friendly orange demon (summoned, slow).

Vanquished Creatures
  A lich (Abyss:2)
  A boulder beetle (Lair:3)
  3 death yaks
  2 two-headed ogres (D:9)
  A manticore (Lair:4)
  3 elephants (Lair:4)
  2 black mambas (Lair:3)
  A torpor snail (Lair:4)
  7 cane toads
  Psyche (D:8)
  An unseen horror (D:8)
  3 rime drakes
  5 komodo dragons
  A troll (D:9)
  A wind drake (Lair:4)
  Grinder (D:6)
  18 blink frogs
  4 dream sheep (Lair:4)
  A wraith (D:6)
  19 yaks
  4 wyverns
  4 basilisks
  Eustachio (D:6)
  A small abomination (Abyss:2)
  4 nagas (Lair:2)
  12 water moccasins
  An acid dragon (D:9)
  3 orc warriors
  3 sky beasts
  10 ogres
  2 black bears
  14 wolves
  A phantom (D:6)
  2 centaurs
  4 kobold brigands
  12 bullfrogs
  2 gnoll sergeants (D:9)
  3 scorpions
  4 killer bees (D:8)
  2 electric eels (Lair:2)
  4 howler monkeys
  16 wights
  3 centaur zombies
  A bullfrog zombie (D:7)
  3 orc priests
  Crazy Yiuf (D:3)
  A jelly (D:5)
  3 iguanas
  8 orc wizards
  Terence (D:3)
  A hound zombie (D:5)
  3 adders
  3 gnolls (D:4)
  2 white imps
  An adder skeleton (D:4)
  4 worms
  A dart slug (D:2)
  34 orcs
  5 endoplasms
  9 giant cockroaches
  3 goblins
  8 hobgoblins
  4 jackals (D:1)
  15 kobolds
  2 quokkas
  13 ball pythons
  5 bats
  6 frilled lizards
  2 rats
327 creatures vanquished.

Vanquished Creatures (collateral kills)
  2 hydras
  A cane toad (Lair:3)
  A blink frog (Lair:2)
  A yak (Lair:3)
  A water moccasin (Lair:3)
  A bullfrog (Lair:4)
  A kobold (D:4)
8 creatures vanquished.

Vanquished Creatures (others)
  14 fungi
  10 plants
24 creatures vanquished.

Grand Total: 359 creatures vanquished

Notes
Turn   | Place    | Note
-------+----------+-------------------------------------------
     0 | D:1      | pkoi the Troll Monk began the quest for the Orb.
     0 | D:1      | Reached XP level 1. HP: 22/22 MP: 0/0
    76 | D:1      | Reached XP level 2. HP: 26/29 MP: 1/1
   248 | D:1      | Reached skill level 4 in Unarmed Combat
   260 | D:1      | Found a faded altar of an unknown god.
   515 | D:1      | Reached XP level 3. HP: 36/36 MP: 2/2
  1150 | D:2      | You are sucked into a shaft and drop 2 floors!
  1285 | D:4      | Noticed a black bear
  1296 | D:4      | Killed a black bear
  1297 | D:4      | Reached skill level 5 in Unarmed Combat
  1297 | D:4      | Reached XP level 4. HP: 38/44 MP: 3/3
  1297 | D:4      | Reached XP level 5. HP: 43/50 MP: 4/4
  1351 | D:4      | Reached skill level 6 in Unarmed Combat
  1431 | D:4      | Noticed an ogre
  1440 | D:4      | Killed an ogre
  1441 | D:4      | Reached XP level 6. HP: 30/59 MP: 5/5
  1648 | D:4      | Reached skill level 13 in Unarmed Combat
  1648 | D:4      | Reached XP level 7. HP: 66/66 MP: 6/6
  2163 | D:3      | Found Bofaymmuogh's Assorted Antiques.
  2240 | D:3      | Found an opulent altar of Gozag.
  2241 | D:3      | Noticed Terence
  2248 | D:3      | Killed Terence
  2670 | D:3      | Found a runed translucent door.
  2671 | D:3      | Noticed Crazy Yiuf
  2681 | D:3      | Killed Crazy Yiuf
  3041 | D:4      | Found an ornate altar of the Wu Jian Council.
  3041 | D:4      | Found a hazy altar of Hepliaklqana.
  3114 | D:4      | Found a burning altar of Makhleb.
  3122 | D:4      | Found a hide-covered altar of Uskayaw.
  3123 | D:4      | Found a blossoming altar of Fedhas.
  3138 | D:4      | Became a worshipper of Makhleb the Destroyer
  3138 | D:4      | Reached * piety under Makhleb
  3138 | D:4      | Reached ** piety under Makhleb
  3335 | D:5      | Entered Level 5 of the Dungeon
  3522 | D:5      | Reached XP level 8. HP: 66/74 MP: 7/7
  3551 | D:5      | Found a sacrificial altar of Ru.
  3620 | D:5      | Found Gucho's Jewellery Emporium.
  3827 | D:5      | Reached skill level 1 in Invocations
  3833 | D:5      | Identified a scroll of acquirement
  3833 | D:5      | Acquired 445 gold pieces
  3921 | D:6      | Noticed Eustachio
  4205 | D:6      | Noticed Grinder
  4213 | D:6      | Paralysed by Grinder for 3 turns
  4223 | D:6      | Paralysed by Grinder for 4 turns
  4232 | D:6      | Killed Grinder
  4353 | D:5      | Reached skill level 14 in Unarmed Combat
  4353 | D:5      | Reached XP level 9. HP: 53/83 MP: 9/9
  4484 | D:6      | Found a staircase to the Ecumenical Temple.
  4487 | D:6      | Killed Eustachio
  4880 | D:6      | Reached *** piety under Makhleb
  4907 | Temple   | Entered the Ecumenical Temple
  5278 | D:7      | Noticed jimbles's ghost (novice SpDe)
  5278 | D:7      | Noticed a tengu conjurer
  5278 | D:7      | Found a transporter.
  5284 | D:7      | Noticed a gargoyle
  5318 | D:7      | Found an iron altar of Okawaru.
  5354 | D:7      | Found a transporter.
  5389 | D:7      | Noticed a six-headed hydra
  5418 | D:7      | Found a stormy altar of Qazlal.
  5631 | D:7      | Reached XP level 10. HP: 94/94 MP: 11/11
  6041 | D:8      | Noticed Psyche
  6046 | D:8      | Cast into level 2 of the Abyss (Psyche)
  6124 | Abyss:2  | Noticed a lich
  6151 | Abyss:2  | Killed a lich
  6152 | Abyss:2  | Reached skill level 5 in Fighting
  6152 | Abyss:2  | Reached skill level 5 in Dodging
  6154 | D:8      | Escaped the Abyss
  6168 | D:8      | Killed Psyche
  6355 | D:8      | Reached **** piety under Makhleb
  6809 | D:5      | Bought a ring of see invisible for 165 gold pieces
  7032 | D:8      | Reached skill level 5 in Invocations
  7032 | D:8      | Reached XP level 11. HP: 104/104 MP: 13/13
  7703 | D:9      | Noticed a two-headed ogre
  7715 | D:9      | Killed a two-headed ogre
  7727 | D:9      | Noticed a two-headed ogre
  7736 | D:9      | Killed a two-headed ogre
  7808 | D:9      | Found a staircase to the Lair.
  8028 | D:9      | Found a staircase to the Orcish Mines.
  8430 | Lair:1   | Entered Level 1 of the Lair of Beasts
  8526 | Lair:1   | Reached skill level 15 in Unarmed Combat
  8950 | Lair:1   | Found a glowing silver altar of Zin.
  9486 | Lair:2   | Noticed a four-headed hydra
  9493 | Lair:2   | Killed a six-headed hydra
  9513 | Lair:2   | Found a bloodstained altar of Trog.
  9566 | Lair:2   | Reached XP level 12. HP: 99/115 MP: 14/16
 10012 | Lair:2   | Reached ***** piety under Makhleb
 10020 | Lair:2   | Found a staircase to the Snake Pit.
 11155 | Lair:3   | Noticed a boulder beetle
 11178 | Lair:3   | Killed a boulder beetle
 11228 | Lair:3   | Acquired a manual of Fighting
 11315 | Lair:4   | Noticed a four-headed hydra
 11326 | Lair:4   | Killed a six-headed hydra
 11525 | Lair:4   | Found a staircase to the Shoals.
 11572 | Lair:4   | Reached XP level 13. HP: 70/128 MP: 18/18
 12142 | Lair:4   | Found a runed translucent door.
 12151 | Lair:4   | Identified the +7 hunting sling of Egomania {flame, rPois
                  | rF+ MP-9 Dex+2}
 12225 | Lair:4   | Reached skill level 16 in Unarmed Combat
 12498 | Lair:4   | HP: 4/131 [11-headed hydra (7)]
 12498 | Lair:4   | Slain by an 11-headed hydra

Illustrated notes

Levels and vault maps discovered:
D:1:      dpeg_arrival_shelter, layout_loops_ring, serial_glass,
          glass_columns_a, glass_columns_a, feat_on_display, feat_on_display,
          item_on_display_a, minmay_strange_pillars,
          shapermc_ecumenical_altar_starsandcircs, minmay_misc_feat_pillars
D:2:      layout_basic, minmay_worlds_worst_comb
D:3:      layout_basic, lemuel_round_altar, serial_shops, nicolae_square_shop,
          uniq_crazy_yiuf_cottage, uniq_terence
D:4:      layout_loops_corners, minitemple, feat_on_display
D:5:      layout_basic, mainiacjoe_overflow_alcove_1, serial_shops,
          nicolae_inconvenience_store
D:6:      layout_cave_pods, minmay_temple_entry_statues_pillars,
          grunt_ministairs_11, uniq_eustachio, uniq_grinder
D:7:      layout_rooms, okawaru_ov_weapons_minmay,
          nicolae_qazlal_general_emergency, gammafunk_ghost_arena
D:8:      layout_basic, grunt_ministairs_14, uniq_psyche
D:9:      layout_roguey, erik_lair_dragon,
          kennysheep_orc_monster_closet_entryway
Temple:   grunt_temple_mini_profane
Lair:1:   layout_cave_pods, basic_altar
Lair:2:   layout_cave_pods, minmay_snake_entry_guardpost_small, basic_altar,
          chequers_serial_rivers_small_b, mumra_transporter_accident,
          nicolae_quartered_pool_super, infiniplex_staircase_pool
Lair:3:   layout_chaotic_city, st_stairs_8, minivault_23, nzn_sisyphean_effort
Lair:4:   layout_regular_city, minmay_shoals_entry_beasts, pf_torpor_hydra

Skill      XL: |  1  2  3  4  5  6  7  8  9 10 11 12 13 |
---------------+----------------------------------------+-----
Unarmed Combat | 4 5 6 13 14 15 16 | 16.0
Fighting       | 3 4 5 6 8 9 |  9.0
Dodging        | 3 4 5 6 8 |  8.4
Invocations    | 2 3 5 6 8 |  8.6
Stealth        | |  1.0

Action                   |  1- 3 |  4- 6 |  7- 9 | 10-12 | 13-15 || total
-------------------------+-------+-------+-------+-------+-------++-------
Melee: Unarmed           |   123 |    26 |   239 |   575 |    73 ||  1036
       Punch             |     1 |       |    13 |    49 |    10 ||    73
Throw: Dart              |       |       |       |     5 |       ||     5
Invok: Lesser Servant of |       |       |       |     9 |     3 ||    12
  Use: Scroll            |       |     4 |    11 |     6 |     2 ||    23
       Potion            |       |     1 |     8 |       |       ||     9
 Stab: Sleeping          |     1 |       |     1 |       |       ||     2
       Distracted        |     1 |       |       |     1 |     1 ||     3
Armor: Robe              |    29 |     2 |    53 |    62 |       ||   146
       Troll leather arm |       |       |       |    66 |    25 ||    91
Dodge: Dodged            |    75 |     9 |    66 |   200 |    45 ||   395
Block: Other             |     4 |     4 |    28 |   105 |    16 ||   157
       Reflection        |       |       |       |     3 |       ||     3
